 Dungeon Crawl Stone Soup version 0.28.0-53-g5a82cb258f (webtiles) character file.

Game seed: 15601895088257190003

1650 tife0686 the Poker (level 9, -6/73 (82) HPs)
             Began as a Naga Berserker on June 20, 2022.
             Was a Follower of Trog.
             Mangled by a wight
             ... wielding a +4 great sword
              (15 damage)
             ... on level 6 of the Dungeon.
             The game lasted 00:44:12 (7083 turns).

tife0686 the Poker (Naga Berserker)                 Turns: 7083, Time: 00:44:17

HP:   -6/73 (82)    AC: 10    Str: 19    XL:     9   Next: 0%
MP:   9/9           EV:  6    Int:  8    God:    Trog [*.....]
Gold: 324           SH:  0    Dex: 15    Spells: 8/8 levels left

rFire   . . .      SeeInvis +   a - +0 spear
rCold   . . .      Faith    .   (no shield)
rNeg    . . .      Spirit   .   g - +0 chain mail
rPois   +          Reflect  .   (no helmet)
rElec   .          Harm     .   p - +0 cloak
rCorr   +          Rampage  .   (no gloves)
Will    +....                   (no barding)
Stlth   ..........              (no amulet)
HPRegen 0.22/turn               t - ring of resist corrosion
MPRegen 0.11/turn               (no ring)

@: on berserk cooldown, slowed, heavily drained, very slow
A: AC +3, large, see invisible, deformed body, poison resistance, slowness 2,
spit poison 1, naga tail 1, shaggy fur 1, no potion heal 1, MP-powered wands
a: Spit Poison, Renounce Religion, Berserk


You were on level 6 of the Dungeon.
You worshipped Trog.
Trog was aware of your devotion.
You visited 1 branch of the dungeon, and saw 6 of its levels.

You collected 324 gold pieces.

Inventory:

Hand Weapons
 a - a +0 spear (weapon)
 c - a +0 spear
 e - a +0 hand axe
 i - the +7 dagger of Vis Jext {pain, Str+6}
   (You found it on level 3 of the Dungeon)

   In the hands of one skilled in necromantic magic, it inflicts extra damage on
   living creatures.
   Str:       It affects your strength (+6).
   Trog disapproves of the use of such an item.
 k - a +3 rapier of holy wrath
Missiles
 o - 4 throwing nets
Armour
 b - a +1 animal skin
 g - a +0 chain mail (worn)
 n - a +0 leather armour of fire resistance
 p - a +0 cloak (worn)
Jewellery
 t - a ring of resist corrosion (left hand)
Wands
 m - a wand of mindburst (6)
Scrolls
 f - 2 scrolls of identify
 l - a scroll of teleportation
 s - a scroll of summoning
Potions
 h - 2 potions of curing
 j - a potion of cancellation
 q - a potion of lignification {unknown}
 r - a potion of brilliance


   Skills:
 + Level 6.2 Fighting
 + Level 7.6 Polearms
 + Level 3.6 Armour
 + Level 3.9 Dodging
 + Level 4.3 Stealth


You had 8 spell levels left.
You didn't know any spells.
Your spell library was empty.

Dungeon Overview and Level Annotations

Branches:
Dungeon (6/15)             Temple (0/1) D:5

Altars:


Innate Abilities, Weirdness & Mutations

Your serpentine skin is tough. (AC +3)
You have supernaturally acute eyesight. (SInv)
Armour fits poorly on your strangely shaped body.
Your system is resistant to poisons. (rPois)
You cover ground very slowly.
You can spit poison.
You have a snake-like lower body.
You are covered in fur. (AC +1)
Potions are less effective at restoring your health.
You expend magic power (3 MP) to strengthen your wands.


Message History

You hit the wight.
The wight is lightly damaged.
The wight closely misses you.
You hit the wight.
The wight is moderately damaged.
The wight hits you but does no damage.
You hit the wight.
The wight is moderately damaged.
The wight barely misses you.
You hit the wight.
The wight is heavily damaged.
The wight hits you with a +4 great sword!
You feel drained.
You hit the wight but do no damage.
The wight is heavily damaged.
The wight barely misses you.
The wight hits you with a +4 great sword.
You closely miss the wight.
The wight is heavily damaged.
The wight hits you with a +4 great sword!
You feel drained.
You barely miss the wight.
The wight is heavily damaged.
The wight hits you with a +4 great sword!
Okay, then.
The wight barely misses you. The wight hits you but does no damage.
The wight hits you with a +4 great sword!
* * * LOW HITPOINT WARNING * * *
You feel drained.
* * * LOW HITPOINT WARNING * * *
The wight barely misses you.
Your system partially rejects the healing.
You feel much better.
The wight hits you with a +4 great sword!
* * * LOW HITPOINT WARNING * * *
You feel drained.
* * * LOW HITPOINT WARNING * * *
The wight hits you with a +4 great sword!
You die...

... #.# #.# #.# #.# #<#
#.# #@# ##z# ##..##
#########.#..#####...
###........###.......#
#.....#####.#..######..
#.#.#.# ##..## ##.#.#.#
##.# #....#.# #.#


You could see a wight.

Vanquished Creatures
  Grinder (D:4)
  Eustachio (D:4)
  Menkaure (D:4)
  Edmund (D:4)
  2 necrophages (D:5)
  A sky beast (D:5)
  A phantom (D:5)
  A wyvern zombie (D:5)
  2 scorpions
  A howler monkey (D:4)
  3 wights (D:6)
  A centaur zombie (D:4)
  2 hounds (D:4)
  A jelly (D:5)
  Crazy Yiuf (D:4)
  A scorpion zombie (D:5)
  2 iguanas
  Ijyb (D:4)
  A hound zombie (D:3)
  A hound skeleton (D:4)
  6 adders
  An ufetubus (D:5)
  A worm (D:3)
  3 dart slugs
  2 orcs
  5 endoplasms
  2 giant cockroaches (D:3)
  4 goblins
  3 hobgoblins
  7 jackals
  6 quokkas
  2 ball pythons
  8 bats
  4 kobolds
  4 rats
84 creatures vanquished.

Vanquished Creatures (collateral kills)
  A quokka (D:4)
1 creature vanquished.

Vanquished Creatures (others)
  2 fungi (D:4)
2 creatures vanquished.

Grand Total: 87 creatures vanquished

Notes
Turn   | Place    | Note
-------+----------+-------------------------------------------
     0 | D:1      | tife0686 the Naga Berserker began the quest for the Orb.
     0 | D:1      | Reached XP level 1. HP: 21/21 MP: 1/1
   297 | D:1      | Reached XP level 2. HP: 20/28 MP: 2/2
  1177 | D:1      | Gained mutation: You possess an exceptional clarity of
                  | mind. [potion of mutation]
  1177 | D:1      | Gained mutation: Your magical capacity is low. (-10% MP)
                  | [potion of mutation]
  1343 | D:2      | Reached XP level 3. HP: 34/34 MP: 2/2
  1537 | D:2      | Reached ** piety under Trog
  2194 | D:3      | Found a faded altar of an unknown god.
  2203 | D:3      | Reached XP level 4. HP: 44/44 MP: 3/3
  2248 | D:3      | Identified the +7 dagger of Vis Jext {pain, Str+6}
  2308 | D:3      | Reached skill level 4 in Polearms
  2818 | D:3      | HP: 2/66 [iguana (12)]
  2821 | D:3      | Reached skill level 1 in Stealth
  2821 | D:3      | Reached XP level 5. HP: 3/50 MP: 4/4
  3864 | D:4      | Reached XP level 6. HP: 42/58 MP: 5/5
  4010 | D:4      | Noticed Eustachio
  4017 | D:4      | Killed Eustachio
  4018 | D:4      | Reached skill level 5 in Polearms
  4089 | D:4      | Noticed Ijyb
  4111 | D:4      | Killed Ijyb
  4327 | D:4      | Reached XP level 7. HP: 54/66 MP: 6/6
  4428 | D:4      | Reached skill level 5 in Fighting
  4557 | D:4      | Noticed Edmund
  4579 | D:4      | Killed Edmund
  4864 | D:4      | Noticed Grinder
  4870 | D:4      | Paralysed by Grinder for 4 turns
  4899 | D:4      | Killed Grinder
  4900 | D:4      | Reached skill level 6 in Polearms
  5004 | D:4      | Noticed Menkaure
  5009 | D:4      | Killed Menkaure
  5010 | D:4      | Reached XP level 8. HP: 75/75 MP: 7/7
  5281 | D:4      | Found a runed translucent door.
  5282 | D:4      | Noticed Crazy Yiuf
  5294 | D:4      | Killed Crazy Yiuf
  5387 | D:5      | Entered Level 5 of the Dungeon
  5528 | D:5      | Lost mutation: You possess an exceptional clarity of mind.
                  | [potion of mutation]
  5528 | D:5      | Lost mutation: Your magical capacity is low. (-10% MP)
                  | [potion of mutation]
  5528 | D:5      | Gained mutation: You are clumsy. (Dex -2) [potion of
                  | mutation]
  5531 | D:5      | Lost mutation: You are clumsy. (Dex -2) [potion of
                  | mutation]
  5531 | D:5      | Gained mutation: Potions are less effective at restoring
                  | your health. [potion of mutation]
  5531 | D:5      | Gained mutation: You are covered in fur. (AC +1) [potion of
                  | mutation]
  5531 | D:5      | Gained mutation: You expend magic power (3 MP) to
                  | strengthen your wands. [potion of mutation]
  5726 | D:5      | Reached skill level 7 in Polearms
  6536 | D:5      | Found a staircase to the Ecumenical Temple.
  7066 | D:6      | Reached XP level 9. HP: 82/82 MP: 9/9
  7083 | D:6      | Mangled by a wight

Illustrated notes

Levels and vault maps discovered:
D:1:      dpeg_chamrin_arrival_tetris, layout_loops_ring
D:2:      layout_loops_ring
D:3:      cheibrodos_helix_gallery, layout_basic, ebering_ecumenical_altar_rust
D:4:      layout_loops_corners, minmay_door_square, kennysheep_generic_room_11,
          uniq_menkaure, uniq_eustachio, uniq_crazy_yiuf_cottage, uniq_ijyb,
          uniq_grinder, uniq_edmund
D:5:      layout_basic, minmay_temple_entry_glassed_door, chequers_big_river
D:6:      minmay_opposing_rooms, layout_loops_corners, serial_shops, shop,
          kennysheep_mini_moat, nicolae_shop_trees

Skill      XL: |  1  2  3  4  5  6  7  8 |
---------------+-------------------------+-----
Dodging        | 2 3 |  3.9
Fighting       | 4 5 6 |  6.2
Polearms       | 4 5 6 7 |  7.6
Stealth        | 1 2 4 |  4.3
Armour         | 2 3 |  3.6

Action                   |  1- 3 |  4- 6 |  7- 9 || total
-------------------------+-------+-------+-------++-------
Melee: Spear             |    67 |   123 |   191 ||   381
       Punch             |     1 |     3 |     1 ||     5
Invok: Berserk           |     1 |     5 |     9 ||    15
       Trog's Hand       |       |     1 |     1 ||     2
 Abil: Spit Poison       |    22 |    11 |     8 ||    41
  Use: Scroll            |     4 |     2 |     5 ||    11
       Potion            |     3 |       |     3 ||     6
 Stab: Sleeping          |       |     1 |       ||     1
Armor: Animal skin       |    12 |    19 |       ||    31
       Leather armour    |       |     3 |     5 ||     8
       Chain mail        |       |       |    59 ||    59
Dodge: Dodged            |    30 |    57 |    58 ||   145
